 Dungeon Crawl Stone Soup version 0.30-a0-354-g6b83867211 (webtiles) character file.

Game seed: 17851594094480502937

60 Sweetruy1997 the Trooper (level 4, -2/23 (40) HPs)
             Began as a Hill Orc Fighter on Nov 8, 2022.
             Slain by a worm (8 damage)
             ... on level 2 of the Dungeon.
             The game lasted 00:03:31 (1163 turns).

Sweetruy1997 the Trooper (Hill Orc Fighter)         Turns: 1163, Time: 00:03:32

HP:   -2/23 (40)    AC:  7    Str: 24    XL:     4   Next: 6%
MP:   4/4           EV:  9    Int:  8    God:
Gold: 21            SH:  4    Dex: 12    Spells: 2/3 levels left

rFire   . . .      SeeInvis .    a - +0 war axe
rCold   . . .      Faith    .    c - +0 buckler
rNeg    . . .      Spirit   .    b - +0 scale mail
rPois   .          Reflect  .    (no helmet)
rElec   .          Harm     .    (no cloak)
rCorr   .          Rampage  .    (no gloves)
Will    .....                    (no boots)
Stlth   ..........               (no amulet)
HPRegen 0.23/turn                g - +6 ring of strength
MPRegen 0.09/turn                (no ring)

@: very heavily drained
A: no striking features
a: no special abilities


You were on level 2 of the Dungeon.
You visited 1 branch of the dungeon, and saw 2 of its levels.

You collected 54 gold pieces.
You spent 33 gold pieces at shops.

Inventory:

Hand Weapons
 a - a +0 war axe (weapon)
Missiles
 j - 3 javelins
 l - 2 throwing nets
Armour
 b - a +0 scale mail (worn)
 c - a +0 buckler (worn)
Jewellery
 g - a +6 ring of strength (left hand)
Scrolls
 e - a scroll of vulnerability
 h - 2 scrolls of amnesia
 m - a scroll of noise {unknown}
Potions
 d - a potion of might
 i - a potion of attraction {unknown}
 k - a potion of heal wounds {unknown}


   Skills:
 - Level 4.0 Fighting
 + Level 4.0 Axes
 + Level 3.8 Armour
 + Level 0.1 Dodging
 + Level 3.5 Shields
 + Level 0.2 Spellcasting
 + Level 0.2 Conjurations
 + Level 0.2 Necromancy


You had 2 spell levels left.
You knew the following spells:

 Your Spells              Type           Power      Damage    Failure   Level
a - Kiss of Death         Conj/Necr      0%         2d5       77%         1

Your spell library contained the following spells:

 Spells                   Type           Power      Damage    Failure   Level
 Confusing Touch          Hex            0%         N/A       99%         3
 Dispel Undead            Necr           0%         3d6       100%        4


Dungeon Overview and Level Annotations

Branches:
Dungeon (2/15)

Altars:

Shops:
D:2 *

Annotations:
D:2 Jessica


Message History

The hobgoblin shouts!
A worm comes into view.
The hobgoblin moves out of view.
A bat comes into view.
Jessica points at you and mumbles some strange words.
You barely resist. Jessica hits you with a +4 dagger!
Jessica drinks a potion.
Jessica suddenly seems more resistant.
Jessica mumbles some strange words.
Jessica blinks!
You hit the bat.
You kill the bat!
You block the hobgoblin's attack.
You barely miss the hobgoblin. The hobgoblin hits you.
The hobgoblin closely misses you.
You slash the hobgoblin!
You kill the hobgoblin!
You hit the worm.
The worm is lightly wounded.
Jessica casts a spell.
Jessica seems to speed up.
The worm bites you!
* * * LOW HITPOINT WARNING * * *
You hit the worm.
The worm is lightly wounded.
The worm bites you but does no damage.
You hit the worm.
The worm is lightly wounded.
Unknown command.
You hit the worm.
The worm is heavily wounded.
Jessica casts a spell.
Jessica blinks!
The worm barely misses you.
You hit the worm.
The worm is heavily wounded.
The worm barely misses you.
You barely miss the worm.
The worm is heavily wounded.
Jessica very coldly says, "I hate your company."
The worm bites you!
You die...

#. #.#.##.# #.####.#.##.#
..# ...
#.........#.#######..#....
...###.#>............#....
##.###.#................
.........(#.######.....# #
##.###....#.##. #..#.##.#
##.###....#.##.####.......#
................@w@....##.#
##........#.##.###......(..
##..........##.####..#.....
##.#.................#.#...
...........................
............##..##.#......
##.#.#......##..##.#.#..#.#
................##.#....# #
.#.#.#......##..##......#


You could see a worm and Jessica (fast, resistant).

Vanquished Creatures
  A worm (D:1)
  A dart slug (D:1)
  8 endoplasms (D:1)
  4 giant cockroaches (D:1)
  7 goblins (D:1)
  4 hobgoblins
  A jackal (D:1)
  3 kobolds (D:1)
  A quokka (D:2)
  5 ball pythons
  5 bats
  2 frilled lizards (D:1)
  8 rats (D:1)
50 creatures vanquished.

Notes
Turn   | Place    | Note
-------+----------+-------------------------------------------
     0 | D:1      | Sweetruy1997 the Hill Orc Fighter began the quest for the
                  | Orb.
     0 | D:1      | Reached XP level 1. HP: 19/19 MP: 1/1
     1 | D:1      | Found a runed translucent door.
    48 | D:1      | Reached XP level 2. HP: 15/27 MP: 2/2
   153 | D:1      | Reached XP level 3. HP: 26/33 MP: 3/3
   283 | D:1      | Learned a level 1 spell: Kiss of Death
  1007 | D:2      | Found Bihuxupt's Assorted Antiques.
  1015 | D:2      | Bought a scroll labelled ADOUFO WALOTU for 33 gold pieces
  1101 | D:2      | Reached XP level 4. HP: 19/23 MP: 4/4
  1126 | D:2      | Found a faded altar of an unknown god.
  1145 | D:2      | Noticed Jessica
  1163 | D:2      | Slain by a worm

Illustrated notes

Levels and vault maps discovered:
D:1:      dpeg_arrival_caged_fury, layout_basic, hangedman_decor_peaks_small
D:2:      layout_basic, serial_shops, nicolae_shop_overgrown_old_shop,
          hellmonk_ecumenical_altar_inner_sanctum, uniq_jessica

Skill      XL: |  1  2  3 |
---------------+----------+-----
Axes           | 3 4 |  4.0
Fighting       | 4 |  4.0
Armour         | |  3.8
Dodging        | |  0.1
Shields        | |  3.5
Spellcasting   | |  0.2
Conjurations   | |  0.2
Necromancy     | |  0.2

Action                   |  1- 3 |  4- 6 || total
-------------------------+-------+-------++-------
Melee: War axe           |   111 |     9 ||   120
 Cast: Kiss of Death     |     4 |       ||     4
  Use: Scroll            |     2 |       ||     2
Armor: Scale mail        |    64 |     1 ||    65
Dodge: Dodged            |    68 |     3 ||    71
Block: Buckler           |    29 |     1 ||    30

Table legend: (Time is in decaauts)
 A = Elapsed time spent in this place.
 B = Non-inter-level travel time spent in this place.
 C = Inter-level travel time spent in this place.
 D = Time resting spent in this place.
 E = Time spent auto-exploring this place.
 F = Levels seen in this place.
 G = Mean time per level.
                   A        B        C        D        E       F      G
               +--------+--------+--------+--------+--------+-----+--------+
         Total |   1206 |   1185 |     21 |      0 |    831 |   2 |  603.0 |
       Dungeon |   1206 |   1185 |     21 |      0 |    831 |   2 |  603.0 |
               +--------+--------+--------+--------+--------+-----+--------+

Top non-repeatable levels by time:
     D:1: 954 daAuts
     D:2: 251 daAuts
